cohdb
Replays
Latest Replays
All Replays
Popular Replays
Top Player Replays
Match Explorer
How It Works
Community
CoH3 Stats
Reddit
Sign in to upload your games and track your stats! →
Sign in with Steam
Match 42627129
Unlisted
Match 42627129
Overview
Messages
Build Orders
End
Panzergrenadier Squad
Selects Panzerjäger Kommand Battlegroup
Selects Mine Fields
250 Light Carrier
Construct Light Support Kompanie
MG34 Team
Fire Support Elements
Selects Defensive Positions
Veteran Squad Leaders
Flakvierling Half-track
Vehicle Survival Package
Pak 38 Mechanized Group
Selects GrB 39 Grenade Launcher Requisition
Construct Panzerarmee Kommand
2.5-tonne Medical Truck
Emergency Repair Kits
Selects Crew Shock Tactics
Panzergrenadier Squad
Armored Reserves
Selects Butterfly Bomb Drop
Assault Grenadier Squad
Pak 38 Anti-tank Gun Team
Tiger Heavy Tank
Epicdeath
BIOHAZARD
Adam Kadmon
lumezzz1919
john_wik
=BIA=Daghito
=BIA=Obersky
Giovanni
0
0
Comments
sign in to comment!
No comments posted yet!